 Dungeon Crawl Stone Soup version 0.23-a0-61-g4bf3f6c (webtiles) character file.

4487 Amnesiac the Destroyer (level 10, -3/67 HPs)
             Began as a Mummy Conjurer on Aug 9, 2018.
             Was a Believer of Dithmenos.
             Slain by a troll (8 damage)
             ... on level 8 of the Dungeon.
             The game lasted 00:15:27 (8005 turns).

Amnesiac the Destroyer (Mummy Conjurer)             Turns: 8005, Time: 00:15:28

Health: -3/67      AC:  6    Str: 13    XL:     10   Next: 16%
Magic:  7/23       EV: 12    Int: 17    God:    Dithmenos [**....]
Gold:   566        SH:  5    Dex: 12    Spells: 3/28 levels left

rFire    . . .     SeeInvis +   a - +3 falchion (slice)
rCold    + . .     Gourm    .   p - +0 buckler
rNeg     + + +     Faith    .   e - +0 leather armour (curse)
rPois    ∞         Spirit   .   (no helmet)
rElec    .         Reflect  .   q - +0 cloak
rCorr    +         Harm     +   k - +1 pair of gloves
MR       +....                  (no boots)
Stlth    ++........             y - amulet of harm
HPRegen  0.21/turn              t - ring of resist corrosion
MPRegen  0.18/turn              x - ring of Sohaenust {rPois rF+ SInv}

@: wreathed by umbra
A: no food or potions, fire vulnerability, cold resistance 1, negative energy
resistance 3, torment resistance, unbreathing
a: Shadow Step, Renounce Religion


You were on level 8 of the Dungeon.
You worshipped Dithmenos.
Dithmenos was pleased with you.
You were not hungry.

You visited 2 branches of the dungeon, and saw 9 of its levels.
You also visited: Sewer and Ossuary.

You collected 566 gold pieces.

Inventory:

Hand Weapons
 a - a +3 falchion of slicing (weapon)
 b - a +0 blowgun
 n - a +1 scythe of venom
 v - a +1 short sword of electrocution
Missiles
 g - 24 poisoned needles
Armour
 e - a cursed +0 leather armour (worn)
 k - a +1 pair of gloves (worn)
 o - a +0 troll leather armour
 p - a +0 buckler (worn)
 q - a +0 cloak (worn)
 u - a +1 robe of positive energy
 B - a +2 ring mail of poison resistance
Jewellery
 l - an uncursed ring of ice
 t - a ring of resist corrosion (left hand)
 x - the ring of Sohaenust (right hand) {rPois rF+ SInv}
   (You found it on level 7 of the Dungeon)

   [ring of see invisible]

   It protects you from fire.
   It protects you from poison.
   It lets you see invisible.
 y - an amulet of harm (around neck)
 z - an uncursed ring of see invisible {unknown}
Wands
 i - a wand of digging (28)
 m - a wand of polymorph (16)
 s - a wand of paralysis (2)
Scrolls
 c - 3 scrolls of enchant weapon {!r}
 d - 2 scrolls of amnesia {!r}
 f - 2 scrolls of fear {!r}
 h - 9 scrolls of teleportation {!r}
 j - 2 scrolls of blinking {!r}
 r - 2 scrolls of magic mapping {!r}
 w - 4 scrolls of enchant armour {!r}
 A - 3 scrolls of identify {!r}


   Skills:
 + Level 2.0 Fighting
 * Level 3.0 Dodging
 - Level 1.5 Stealth
 - Level 4.0 Shields
 + Level 9.7 Spellcasting
 * Level 9.8 Conjurations


You had 3 spell levels left.
You knew the following spells:

 Your Spells              Type           Power        Failure   Level  Hunger
a - Iskenderun's Mystic   Conj           #####...     1%          4    N/A
b - Dazzling Spray        Conj/Hex       ###...       4%          3    N/A
c - Magic Dart            Conj           ####         1%          1    N/A
d - Searing Ray           Conj           #####.       1%          2    N/A
e - Force Lance           Conj/Tloc      ###.....     14%         4    N/A
f - Call Imp              Summ           #.......     17%         2    N/A
q - Fulminant Prism       Conj/Hex       ###.......   14%         4    N/A
s - Conjure Flame         Conj/Fire      ###.....     4%          3    N/A
v - Blink                 Tloc           N/A          17%         2    N/A

Your spell library contained the following spells:

 Spells                   Type           Power        Failure   Level  Hunger
 Apportation              Tloc           #.....       11%         1    N/A
 Slow                     Hex            #.......     17%         2    N/A
 Mephitic Cloud           Conj/Pois/Air  ###.....     9%          3    N/A
 Summon Small Mammal      Summ           #...         11%         1    N/A
 Animate Skeleton         Necr           N/A          11%         1    N/A
 Stone Arrow              Conj/Erth      ###...       4%          3    N/A
 Confusing Touch          Hex            #.....       11%         1    N/A
 Passwall                 Tmut/Erth      #.......     17%         2    N/A
 Lee's Rapid Deconstruct  Erth           #.........   97%         5    N/A
 Sandblast                Erth           #.....       11%         1    N/A
 Petrify                  Tmut/Erth      #.......     73%         4    N/A

Dungeon Overview and Level Annotations

Branches:
Dungeon (8/15)             Temple (1/1) D:7
   Lair: D:8-11

Altars:
Ashenzari
Cheibriados
Dithmenos
Elyvilon
Fedhas
Gozag
Hepliaklqana
Kikubaaqudgha
Makhleb
Nemelex Xobeh
Qazlal
Ru
Sif Muna
Trog
Uskayaw
Vehumet
Wu Jian
Xom
Yredelemnul
Zin
The Shining One

Shops:
D:4 :   D:7 [


Innate Abilities, Weirdness & Mutations

You do not eat or drink.
Your flesh is vulnerable to fire.
You are immune to poison.
Your flesh is cold resistant. (rC+)
You are immune to negative energy. (rN+++)
You are immune to unholy pain and torment.
You can survive without breathing.


Message History

Aiming: Iskenderun's Mystic Blast (safe; 1% risk of failure)
Press: ? - help, Shift-Dir - straight line, f - crimson imp
Aim: a crimson imp The orb of energy hits the crimson imp.
You kill the crimson imp!
Dithmenos accepts your kill.
Casting: Iskenderun's Mystic Blast (safe; 1% risk of failure)
Confirm with . or Enter, or press ? or * to list all spells.
You don't have enough magic to cast that spell.
Casting: Iskenderun's Mystic Blast (safe; 1% risk of failure)
Confirm with . or Enter, or press ? or * to list all spells.
You don't have enough magic to cast that spell.
You start resting.
Magic restored.
Things that are here:
a giant club; a giant spiked club You see here a ration.
Found 17 arrows.
You see here 21 stones.
As you open the door, it creaks loudly!
A troll comes into view.
A troll is nearby!
A troll is nearby!
A troll is nearby!
Casting: Iskenderun's Mystic Blast (safe; 1% risk of failure)
Confirm with . or Enter, or press ? or * to list all spells.
Aiming: Iskenderun's Mystic Blast (safe; 1% risk of failure)
Press: ? - help, Shift-Dir - straight line, f - troll
Aim: a troll (umbra)
The orb of energy hits the troll.
The troll is heavily wounded.
The orb of energy explodes!
The troll bites you! You block the troll's attack. The troll claws you.
Casting: Iskenderun's Mystic Blast (safe; 1% risk of failure)
Confirm with . or Enter, or press ? or * to list all spells.
Aiming: Iskenderun's Mystic Blast (safe; 1% risk of failure)
Press: ? - help, Shift-Dir - straight line, f/p - troll
Aim: a troll (moderately wounded, umbra)
The orb of energy hits the troll.
The troll is severely wounded.
The orb of energy explodes!
The troll bites you!
* * * LOW HITPOINT WARNING * * *
The troll claws you.
* * * LOW HITPOINT WARNING * * *
You block the troll's attack.
Casting: Iskenderun's Mystic Blast (safe; 1% risk of failure)
Confirm with . or Enter, or press ? or * to list all spells.
Aiming: Iskenderun's Mystic Blast (safe; 1% risk of failure)
Press: ? - help, Shift-Dir - straight line, f/p - troll
Aim: a troll (severely wounded, umbra)
The orb of energy misses the troll.
The troll misses you. The troll closely misses you. The troll claws you!
* * * LOW HITPOINT WARNING * * *
Casting: Iskenderun's Mystic Blast (safe; 1% risk of failure)
Confirm with . or Enter, or press ? or * to list all spells.
Aiming: Iskenderun's Mystic Blast (safe; 1% risk of failure)
Press: ? - help, Shift-Dir - straight line, f/p - troll
Aim: a troll (severely wounded, umbra)
The orb of energy hits the troll.
The troll is severely wounded.
The troll bites you!
* * * LOW HITPOINT WARNING * * *
The troll claws you!
You die...

#.............#
#....
...............#
#....
#..............#
#....
#..............#
#....
#...........%..#
#....
#.........(....#
#####
#..............#
#..............#
#.....@........#
...###T##########
... ####


You could see a troll.

Vanquished Creatures
  A two-headed ogre (D:8)
  Pikel (D:4)
  Prince Ribbit (D:6)
  Sigmund (D:4)
  Eustachio (D:4)
  A water moccasin (D:4)
  A sky beast (D:6)
  An ice beast (D:5)
  2 phantoms
  2 slaves (D:4)
  An ogre (D:7)
  A centaur (D:7)
  A crocodile (D:7)
  2 elf zombies (Ossuary)
  2 big kobolds (Sewer)
  Blork the orc (D:4)
  2 bullfrogs (D:7)
  A wyvern skeleton (D:7)
  3 scorpions
  4 killer bees (D:7)
  A vampire bat (D:5)
  A bullfrog zombie (D:7)
  5 crimson imps
  A hound (D:7)
  2 quasits
  A gnoll shaman (D:7)
  2 human zombies (Ossuary)
  3 jellies
  5 orc priests
  2 orc wizards
  Jessica (D:3)
  2 iguanas (D:6)
  5 worker ants
  A hound zombie (Ossuary)
  A hound skeleton (D:7)
  2 worker ant zombies
  5 mummies
  10 gnolls
  A river rat (Sewer)
  12 adders
  2 oozes
  5 worms
  2 dart slugs (D:1)
  5 leopard geckos
  13 orcs
  4 ball pythons
  11 bats
  8 giant cockroaches
  9 goblins
  6 hobgoblins
  9 jackals
  2 quokkas
  6 frilled lizards
  A goblin zombie (D:8)
  A hobgoblin zombie (Ossuary)
  A jackal zombie (Ossuary)
  13 kobolds
  3 kobold zombies
  12 rats
  3 rat zombies (Ossuary)
209 creatures vanquished.

Notes
Turn   | Place    | Note
-------+----------+-------------------------------------------
     0 | D:1      | Amnesiac the Mummy Conjurer began the quest for the Orb.
     0 | D:1      | Reached XP level 1. HP: 13/13 MP: 4/4
   288 | D:3      | Reached XP level 2. HP: 19/19 MP: 0/6
   292 | D:3      | Learned a level 2 spell: Searing Ray
   492 | D:4      | Found a glowing drain.
   545 | Sewer    | Entered a sewer
   658 | Sewer    | Reached XP level 3. HP: 21/24 MP: 1/8
   663 | Sewer    | Learned a level 3 spell: Dazzling Spray
  1024 | Sewer    | Reached XP level 4. HP: 30/30 MP: 5/10
  1058 | Sewer    | Learned a level 4 spell: Iskenderun's Mystic Blast
  1067 | Sewer    | Noticed a big kobold
  1067 | Sewer    | Noticed a big kobold
  1075 | Sewer    | Killed a big kobold
  1075 | Sewer    | Reached XP level 5. HP: 31/35 MP: 3/11
  1113 | Sewer    | Reached skill level 5 in Conjurations
  1296 | D:5      | Entered Level 5 of the Dungeon
  1319 | D:4      | Noticed a water moccasin
  1330 | D:4      | Killed a water moccasin
  1330 | D:4      | Reached skill level 5 in Spellcasting
  1330 | D:4      | Reached XP level 6. HP: 35/41 MP: 5/13
  1337 | D:4      | Learned a level 4 spell: Force Lance
  1451 | D:4      | Found Fupt's Book Shoppe.
  1569 | D:4      | Noticed Sigmund
  1585 | D:4      | Killed Sigmund
  1585 | D:4      | Reached XP level 7. HP: 37/46 MP: 6/16
  1595 | D:4      | Learned a level 4 spell: Fulminant Prism
  1651 | D:4      | Noticed Pikel
  1671 | D:3      | Noticed Jessica
  1673 | D:3      | Killed Jessica
  1774 | D:4      | Noticed Blork the orc
  1786 | D:4      | Killed Blork the orc
  1958 | D:4      | Killed Pikel
  1958 | D:4      | Reached XP level 8. HP: 33/52 MP: 8/18
  1978 | D:4      | Found a shattered altar of Ashenzari.
  2035 | D:4      | Noticed Eustachio
  2049 | D:4      | Killed Eustachio
  3604 | D:6      | Noticed Prince Ribbit
  3610 | D:6      | Killed Prince Ribbit
  3610 | D:6      | Reached XP level 9. HP: 53/57 MP: 11/21
  3614 | D:6      | Learned a level 2 spell: Blink
  3618 | D:6      | Learned a level 3 spell: Conjure Flame
  3621 | D:6      | Learned a level 2 spell: Call Imp
  4589 | D:7      | Found Heatag's Antique Armour Boutique.
  4618 | D:7      | Reached skill level 1 in Shields
  5225 | D:7      | Got a twitching silver ring
  5345 | D:7      | Found a staircase to the Ecumenical Temple.
  5351 | Temple   | Entered the Ecumenical Temple
  5398 | Temple   | Became a worshipper of Dithmenos the Shadowed
  6139 | D:1      | Identified the ring of Sohaenust {rPois rF+ SInv} (You found it on level 7 of the Dungeon)
  6413 | D:2      | Reached * piety under Dithmenos
  6928 | D:3      | Found a faded altar of an unknown god.
  7525 | D:8      | Found a sand-covered staircase.
  7527 | D:8      | Reached skill level 1 in Fighting
  7531 | Ossuary  | Entered an ossuary
  7761 | Ossuary  | Reached ** piety under Dithmenos
  7853 | D:8      | Noticed a two-headed ogre
  7862 | D:8      | Killed a two-headed ogre
  7862 | D:8      | Reached XP level 10. HP: 67/67 MP: 2/23
  8005 | D:8      | Slain by a troll

Vault maps used:
D:1:      lightli_arrival_statuegarden, supply_closet_lemuel
D:3:      chequers_ecumenical_altar_grove, minivault_11, grunt_ministairs_12,
          uniq_jessica
D:4:      cheibrodos_sewer_entry_drain, serial_shops, shop_coins,
          cheibrodos_ashenzari_chains, uniq_blork_the_orc, uniq_eustachio,
          uniq_sigmund, uniq_pikel
D:5:      first_ration, roderic_batcave, minmay_misc_feat_nine_boxes
D:6:      uniq_prince_ribbit1
D:7:      minmay_temple_entry_butterflies, serial_shops, shop
D:8:      nicolae_ossuary_entry_giza
Temple:   nicolae_temple_the_god_donut
Sewer:    sewer_co_15_rooms
Ossuary:  ossuary_minmay_tomb_2a

Skill      XL: |  1  2  3  4  5  6  7  8  9 |
---------------+----------------------------+-----
Spellcasting   | 3 4 5 6 7 8 9 |  9.7
Conjurations   | 4 5 6 7 8 9 |  9.8
Shields        | 4 |  4.0
Dodging        | 3 |  3.0
Fighting       | 2 |  2.0
Stealth        | |  1.5

Action                   |  1- 3 |  4- 6 |  7- 9 | 10-12 || total
-------------------------+-------+-------+-------+-------++-------
Melee: Unarmed           |     8 |       |       |       ||     8
       Falchion          |       |       |    56 |       ||    56
 Fire: Blowgun           |       |    12 |    18 |       ||    30
 Cast: Magic Dart        |    47 |    13 |   120 |       ||   180
       Searing Ray       |     7 |     8 |    85 |       ||   100
       Iskenderun's Myst |       |       |     4 |     6 ||    10
Evoke: Wand              |       |       |     6 |       ||     6
  Use: Scroll            |     3 |     1 |     8 |       ||    12
 Stab: Distracted        |       |       |     2 |       ||     2
       Paralysed         |       |       |    12 |       ||    12
Armor: Robe              |     2 |       |       |       ||     2
       Leather armour    |     4 |     1 |    63 |       ||    68
Dodge: Dodged            |     8 |     9 |   129 |     2 ||   148
Block: Buckler           |       |       |    25 |     2 ||    27
       Rpst.: Falchion   |       |       |    35 |       ||    35

Table legend:
 A = Non-vault XP
 B = Vault XP
 C = Vault XP percentage of total XP
 D = Non-vault monster count
 E = Vault monster count
 F = Vault count percentage of total count
 G = Total turns spent on level
                 A         B        C        D         E       F
            +---------+---------+-------+---------+---------+-------
      Total |    4244 |    2166 |  33.8 |     151 |      56 |  27.1
            +---------+---------+-------+---------+---------+-------
        D:1 |      38 |       0 |   0.0 |      21 |       0 |   0.0
        D:2 |     112 |       0 |   0.0 |      29 |       0 |   0.0
        D:3 |      35 |      41 |  53.9 |      14 |       3 |  17.6
        D:4 |     393 |    1125 |  74.1 |      11 |       7 |  38.9
        D:5 |     579 |      70 |  10.8 |      24 |      10 |  29.4
        D:6 |     539 |     259 |  32.5 |      17 |       1 |   5.6
        D:7 |    1579 |       0 |   0.0 |      33 |       0 |   0.0
        D:8 |     969 |      18 |   1.8 |       2 |       3 |  60.0
      Sewer |       0 |     273 | 100.0 |       0 |      16 | 100.0
    Ossuary |       0 |     380 | 100.0 |       0 |      16 | 100.0
            +---------+---------+-------+---------+---------+-------
